 Dungeon Crawl Stone Soup version 0.19-a0-706-g03de5d9 (webtiles) character file.

439 kline the Skirmisher (level 6, -2/56 HPs)
             Began as a Minotaur Berserker on June 19, 2016.
             Was an Elder of Trog.
             Slain by Sigmund
             ... wielding a +0 scythe
              (4 damage)
             ... on level 5 of the Dungeon.
             The game lasted 00:23:03 (3815 turns).

kline the Skirmisher (Minotaur Berserker)           Turns: 3815, Time: 00:23:04

Health: -2/56      AC:  8    Str: 23    XL:     6   Next: 70%
Magic:  5/5        EV: 12    Int:  4    God:    Trog [****..]
Gold:   191        SH:  0    Dex: 10    Spells: 0 memorised, 5 levels left

rFire  . . .     SeeInvis .     U - +0 morningstar
rCold  . . .     Gourm    .     J - +1 scale mail {MR+}
rNeg   . . .     Faith    .     (no shield)
rPois  .         Spirit   .     (helmet restricted)
rElec  .         Dismiss  .     (no cloak)
rCorr  .         Reflect  .     (no gloves)
SustAt .         Harm     .     (no boots)
MR     +....                    (no amulet)
Stlth  ..........               (no ring)
                                (no ring)

@: lethally poisoned (-2 -> -3), somewhat resistant to hostile enchantments,
extremely unstealthy
A: retaliatory headbutt, horns 2
a: Berserk, Trog's Hand, Brothers in Arms, Burn Spellbooks, Renounce Religion


You were on level 5 of the Dungeon.
You worshipped Trog.
Trog was greatly pleased with you.
You were not hungry.

You visited 1 branch of the dungeon, and saw 5 of its levels.

You collected 191 gold pieces.

Inventory:

Hand Weapons
 a - a +0 hand axe
 g - a +0 dagger
 l - a +0 spear
 n - a +0 club
 p - a +0 mace
 v - a +0 dagger
 z - a +0 quarterstaff
 A - a +0 short sword
 D - a +0 dagger
 G - a +0 whip
 I - a +0 short sword
 K - a +0 flail
 L - a +0 hand axe
 P - a +0 flail
 U - a +0 morningstar (weapon)
 Z - a +0 mace of protection
Missiles
 e - 128 stones (quivered)
 f - 26 bolts
 h - 70 sling bullets
 q - 5 needles of paralysis
 t - 26 arrows
 V - 54 poisoned needles
Armour
 b - a +0 animal skin
 m - a +0 leather armour
 r - a +0 helmet
 u - a +0 ring mail
 J - a +1 scale mail of magic resistance (worn)
 M - the +2 helmet of Hall {rC+, unknown}
   (You found it on level 4 of the Dungeon)

   It protects you from cold.
 Q - a +0 robe
 R - a +0 chain mail
 T - a +0 robe
Jewellery
 H - a cursed +2 ring of evasion {unknown}
Scrolls
 c - a scroll of amnesia
 k - a scroll of remove curse {unknown}
 o - 2 scrolls of random uselessness
 s - 4 scrolls of immolation
 x - a scroll of magic mapping {unknown}
 y - 2 scrolls of identify
 B - 2 scrolls of teleportation
 X - a scroll of enchant weapon {unknown}
Potions
 d - a potion of berserk rage {unknown}
 i - 2 potions of degeneration
 j - a potion of flight {unknown}
 w - 2 potions of resistance
 E - a potion of beneficial mutation {unknown}
 S - 2 potions of magic {unknown}
 W - a potion of cure mutation {unknown}
Books
 F - a book of Callings

   Spells                             Type                      Level
   a - Summon Small Mammal            Summoning                    1
   b - Call Imp                       Summoning                    2
   c - Call Canine Familiar           Summoning                    3
   d - Summon Guardian Golem          Hexes/Summoning              3
   e - Summon Lightning Spire         Summoning/Air                4
   f - Summon Ice Beast               Ice/Summoning                4
   Trog disapproves of the use of such an item.
Comestibles
 N - a royal jelly
 Y - a bread ration


   Skills:
 + Level 5.2 Fighting
 + Level 4.8(5.1) Axes
 + Level 2.4(3.9) Maces & Flails
 + Level 4.5 Armour
 + Level 4.6 Dodging
 + Level 0.6 Stealth


You had 5 spell levels left.
You didn't know any spells.

Dungeon Overview and Level Annotations

Branches:
Dungeon (5/15)             Temple (0/1) D:4

Altars:
Ashenzari
Hepliaklqana
Nemelex Xobeh
Qazlal
The Shining One

Annotations:
D:5 Sigmund


Innate Abilities, Weirdness & Mutations

You reflexively headbutt those who attack you in melee.
You have a pair of horns on your head.


Message History

You see here a jackal corpse.
You start resting.
A magic dart appears from out of thin air!
The magic dart hits you!
You feel sick.
You hear some strange, mumbled words.
A magic dart appears from out of thin air!
The magic dart hits you!
Found 9 gold pieces.
Things that are here:
a jackal corpse; an adder corpse You barely miss something.
You headbutt something!
You hear some strange, mumbled words.
A puff of flame appears from out of thin air!
The puff of flame hits you!
* * * LOW HITPOINT WARNING * * *
You barely miss something. Something hits you!
* * * LOW HITPOINT WARNING * * *
You thump something!
You feel sick. Something hits you.
You die...

### #.# ########.#
......{@.#####
...(..#.........#†....#
......#.
.......#.###.## .......
.......#.###..# ......#
.......#......# ......#
....$..#..[...# ......
#.####.#......# ....##
#. #####......######
#...<#####
#...............#


There were no monsters in sight!

Vanquished Creatures
  2 howler monkeys
  An orc priest (D:4)
  A giant frog skeleton (D:5)
  3 orc wizards (D:3)
  2 worker ants
  4 adders
  4 oozes
  3 worms
  4 dart slugs
  A giant gecko (D:4)
  11 orcs
  8 giant cockroaches
  19 goblins
  10 hobgoblins
  8 jackals
  A quokka (D:2)
  2 ball pythons
  12 bats
  3 giant newts
  A jackal skeleton (D:3)
  7 kobolds
  7 rats
  A plant (D:5)
115 creatures vanquished.

Notes
Turn   | Place    | Note
--------------------------------------------------------------
     0 | D:1      | kline the Minotaur Berserker began the quest for the Orb.
     0 | D:1      | Reached XP level 1. HP: 19/19 MP: 0/0
   232 | D:1      | Reached skill level 4 in Fighting
   253 | D:1      | Reached XP level 2. HP: 27/27 MP: 1/1
   563 | D:1      | Reached ** piety under Trog
   641 | D:1      | Reached XP level 3. HP: 33/33 MP: 2/2
  1068 | D:2      | Found a hazy altar of Hepliaklqana.
  1068 | D:2      | Found a shattered altar of Ashenzari.
  1068 | D:2      | Found a stormy altar of Qazlal.
  1258 | D:2      | Found a sparkling altar of Nemelex Xobeh.
  1753 | D:2      | Reached XP level 4. HP: 33/41 MP: 3/3
  1880 | D:3      | Reached skill level 1 in Maces & Flails
  2047 | D:3      | Reached *** piety under Trog
  2135 | D:3      | Reached XP level 5. HP: 47/47 MP: 4/4
  2752 | D:3      | Found a glowing golden altar of the Shining One.
  2795 | D:3      | Reached **** piety under Trog
  2956 | D:4      | Reached XP level 6. HP: 46/55 MP: 5/5
  3183 | D:4      | Found a staircase to the Ecumenical Temple.
  3197 | D:4      | Reached skill level 5 in Fighting
  3234 | D:4      | Got a jewelled helmet
  3402 | D:5      | Entered Level 5 of the Dungeon
  3797 | D:5      | Noticed Sigmund
  3815 | D:5      | HP: 2/56 [poisoned by an adder]
  3815 | D:5      | Slain by Sigmund

Vault maps used:
D:1:      dpeg_arrival_houses_and_road
D:2:      grunt_temple_overflow_open, overflow_temple_1_default
D:3:      tso_altar
D:4:      lemuel_upstairs_altar, minmay_temple_entry_metal_lava
D:5:      corexii_shantytown, okawaru_trees_2, first_bread, uniq_sigmund

Skill      XL: |  1  2  3  4  5  6 |
---------------+-------------------+-----
Fighting       | 4 5 |  5.2
Axes           | 4 |  4.8
Dodging        | 3 4 |  4.6
Maces & Flails | 1 2 |  2.4
Armour         | 3 4 |  4.5
Stealth        | |  0.6

Action                   |  1- 3 |  4- 6 || total
-------------------------+-------+-------++-------
Melee: Hand axe          |    47 |    49 ||    96
       Headbutt          |    13 |    35 ||    48
       Mace              |    37 |    59 ||    96
       Morningstar       |       |    72 ||    72
  Use: Scroll            |     2 |     4 ||     6
       Potion            |       |     4 ||     4
  Eat: Bread ration      |     1 |       ||     1
       Beef jerky        |       |     1 ||     1
       Meat ration       |       |     1 ||     1
Armor: Animal skin       |    14 |       ||    14
       Ring mail         |    14 |     4 ||    18
       Leather armour    |    10 |       ||    10
       Scale mail        |       |    59 ||    59
Dodge: Dodged            |    67 |   120 ||   187
